 Dungeon Crawl Stone Soup version 0.20.1-1-g8b1a95d (webtiles) character file.

156 seb29deBrest the Sneak (level 5, -1/41 HPs)
             Began as a Merfolk Wanderer on Nov 12, 2017.
             Slain by Zedayar's ghost (14 damage)
             ... on level 3 of the Dungeon.
             The game lasted 00:11:29 (2271 turns).

seb29deBrest the Sneak (Merfolk Wanderer)           Turns: 2271, Time: 00:11:30

Health: -1/41      AC:  3    Str: 10    XL:     5   Next: 38%
Magic:  5/5        EV: 19    Int: 12    God:
Gold:   134        SH:  0    Dex: 21    Spells: 4/4 levels left

rFire    . . .     SeeInvis +   a - +2 dagger
rCold    . . .     Gourm    .   (no shield)
rNeg     . . .     Faith    .   e - +0 robe
rPois    .         Spirit   .   (no helmet)
rElec    .         Reflect  .   (no cloak)
rCorr    .         Harm     .   m - +0 pair of gloves
MR       .....                  (no boots)
Stlth    +++++.....             (no amulet)
Regen    0.2/turn               h - ring of see invisible
MPRegen  0.1/turn               s - ring of flight

@: agile
A: change form in water, swift swim, stealthy swim
a: Evoke Flight


You were on level 3 of the Dungeon.
You were not hungry.

You visited 1 branch of the dungeon, and saw 3 of its levels.

You collected 134 gold pieces.

Inventory:

Hand Weapons
 a - a +2 dagger (weapon)
 b - a +0 shortbow
 k - a +1 antimagic mace
Missiles
 g - 41 arrows
Armour
 e - a +0 robe (worn)
 m - a +0 pair of gloves (worn)
Jewellery
 h - a ring of see invisible (left hand)
 s - a ring of flight (right hand)
Scrolls
 j - a scroll of remove curse
 p - a scroll of immolation {unknown}
 r - a scroll of fear {unknown}
Potions
 d - 2 potions of curing
 l - 2 potions of resistance {unknown}
 n - a potion of flight {unknown}
Comestibles
 c - a royal jelly
 f - 3 bread rations
 o - 5 meat rations
 q - 2 chunks of flesh


   Skills:
 * Level 3.1 Fighting
 * Level 3.2(3.4) Short Blades
   Level 1.1(2.1) Long Blades
   Level 1.5 Polearms
 + Level 0.1 Bows
 * Level 3.6 Dodging
 - Level 6.0 Stealth


You had 4 spell levels left.
You didn't know any spells.

Dungeon Overview and Level Annotations

Branches:
Dungeon (3/15)

Altars:

Annotations:
D:3 Zedayar's ghost, amateur TrBe


Message History

Zedayar's ghost barely misses you.
You hit Zedayar's ghost but do no damage.
Zedayar's ghost stares at you. Zedayar's ghost barely misses you.
You closely miss Zedayar's ghost.
You hit Zedayar's ghost but do no damage.
Zedayar's ghost hits you!
You hit Zedayar's ghost.
Zedayar's ghost is lightly damaged.
Zedayar's ghost hits you.
You hit Zedayar's ghost but do no damage.
Zedayar's ghost is lightly damaged.
Zedayar's ghost barely misses you.
You hit Zedayar's ghost but do no damage.
Zedayar's ghost is lightly damaged.
Zedayar's ghost hits you.
You closely miss Zedayar's ghost.
Zedayar's ghost is lightly damaged.
Zedayar's ghost hits you!
You die...

......#.##......####...####.#
..#..)..........# ###.. ..
......#†####..#.########.
..........#...........#
.............###.####.#
......#.#..#.S...###
...##.#.#..#####Ss.#
...##......# #W#.#
...####.#...# #@#gs.(.((.
#..##...#......#.##.......
#.###.##...###.#.. .......
..##.......# ...##..(...
.###.#.....# ..## ......
####.#.....# ...# ......
##...#....## ##.. .....(
##.###...... ##.
##.###....#..


You could see Zedayar's ghost, an adder and a giant cockroach.

Vanquished Creatures
  A centaur (D:3)
  3 adders
  An ooze (D:1)
  2 worms (D:2)
  A dart slug (D:3)
  A leopard gecko (D:1)
  6 bats
  4 giant cockroaches
  5 goblins
  5 hobgoblins
  4 kobolds
  A ball python (D:2)
  6 frilled lizards
  8 rats
48 creatures vanquished.

Notes
Turn   | Place    | Note
-------+----------+-------------------------------------------
     0 | D:1      | seb29deBrest the Merfolk Wanderer began the quest for the Orb.
     0 | D:1      | seb29deBrest set off with: a +2 dagger, a potion of heal wounds, a +0 quarterstaff, a potion of curing, a +0 robe, a bread ration
     0 | D:1      | Reached XP level 1. HP: 16/16 MP: 1/1
   182 | D:1      | Reached XP level 2. HP: 21/23 MP: 2/2
   234 | D:1      | Reached skill level 1 in Short Blades
  1117 | D:2      | Reached XP level 3. HP: 28/28 MP: 3/3
  1120 | D:2      | Reached skill level 6 in Stealth
  1684 | D:2      | Reached XP level 4. HP: 33/34 MP: 4/4
  2026 | D:3      | Noticed a centaur
  2049 | D:3      | Killed a centaur
  2049 | D:3      | Reached XP level 5. HP: 26/41 MP: 5/5
  2246 | D:3      | Noticed Zedayar's ghost (amateur TrBe)
  2271 | D:3      | Slain by Zedayar's ghost

Skill      XL: |  1  2  3  4 |
---------------+-------------+-----
Short Blades   | 1 3 |  3.2
Stealth        | 6 |  6.0
Dodging        | 2 3 |  3.6
Fighting       | 3 |  3.1
Long Blades    | |  1.1
Polearms       | |  1.5
Bows           | |  0.1

Action                   |  1- 3 |  4- 6 || total
-------------------------+-------+-------++-------
Melee: Dagger            |    90 |    47 ||   137
 Fire: Shortbow          |       |    34 ||    34
  Use: Scroll            |     2 |     2 ||     4
       Potion            |     1 |     4 ||     5
 Stab: Sleeping          |    13 |     2 ||    15
  Eat: Chunk             |     2 |     2 ||     4
Armor: Robe              |    21 |     6 ||    27
Dodge: Dodged            |    58 |    56 ||   114
